 Dungeon Crawl Stone Soup version 0.20.1-1-g8b1a95d (webtiles) character file.

224 NoNouf the Sneak (level 6, -2/47 HPs)
             Began as a Human Monk on Aug 12, 2017.
             Was a Believer of Okawaru.
             Slain by an orc wizard
             ... wielding a +0 dagger
              (3 damage)
             ... on level 4 of the Dungeon.
             The game lasted 00:28:40 (4446 turns).

NoNouf the Sneak (Human Monk)                       Turns: 4446, Time: 00:28:41

Health: -2/47      AC:  3    Str: 14    XL:     6   Next: 20%
Magic:  6/6        EV: 12    Int: 10    God:    Okawaru [**....]
Gold:   256        SH:  3    Dex: 15    Spells: 5/5 levels left

rFire    . . .     SeeInvis .   i - +0 long sword
rCold    . . .     Gourm    .   o - +0 buckler
rNeg     . . .     Faith    .   x - +0 leather armour
rPois    .         Spirit   .   (no helmet)
rElec    .         Reflect  .   (no cloak)
rCorr    .         Harm     .   (no gloves)
MR       .....                  (no boots)
Stlth    +++.......             (no amulet)
Regen    0.2/turn               (no ring)
MPRegen  0.1/turn               (no ring)

@: no status effects
A: no striking features
a: Heroism, Renounce Religion


You were on level 4 of the Dungeon.
You worshipped Okawaru.
Okawaru was pleased with you.
You were hungry.

You visited 1 branch of the dungeon, and saw 4 of its levels.

You collected 256 gold pieces.

Inventory:

Hand Weapons
 i - a +0 long sword (weapon)
 n - a +0 hunting sling
 p - a +3 dagger
 w - a +2 dagger of holy wrath
Missiles
 h - 59 stones (quivered)
 u - 12 poisoned needles
Armour
 k - a +0 shield
 o - a +0 buckler (worn)
 t - a +0 plate armour
 x - a +0 leather armour (worn)
Wands
 d - a wand of digging (13/24)
Scrolls
 e - 2 scrolls of remove curse
 g - a scroll of amnesia
 l - 3 scrolls of teleportation
 q - 2 scrolls of blinking
 r - a scroll of identify
Potions
 m - a potion of curing
 s - a potion of haste
 v - a potion of lignification {unknown}
Comestibles
 c - 2 bread rations
 f - a royal jelly
 j - 2 meat rations


   Skills:
 - Level 3.2 Fighting
 - Level 3.0 Long Blades
 - Level 0.2 Slings
 * Level 3.0 Armour
 - Level 3.1 Dodging
 - Level 5.0 Stealth


You had 5 spell levels left.
You didn't know any spells.

Dungeon Overview and Level Annotations

Branches:
Dungeon (4/15)
 Temple: D:4-7

Altars:
Okawaru
Trog


Message History

The orc wizard gestures at you while chanting.
The puff of frost misses you.
You miss the orc wizard.
The orc wizard is almost dead.
The orc wizard gestures at you while chanting.
The puff of flame hits you!
* * * LOW HITPOINT WARNING * * *
The orc wizard hits you with a dagger.
* * * LOW HITPOINT WARNING * * *
You barely miss the orc wizard.
The orc wizard is almost dead.
The orc wizard barely misses you. The orc wizard casts a spell at you.
The magic dart hits you!
* * * LOW HITPOINT WARNING * * *
Unknown command.
You barely miss the orc wizard.
The orc wizard is almost dead.
The orc wizard barely misses you. The orc wizard hits you with a dagger.
You die...

#.........#########.#...##.##.
#....#......# #......#...#.
#....#....#.# #.)..........
######.##.####.######........_...
.......##.##........#............
#.........##........#......#...#.
#...................#......##.##.
####................#............
..##........####@####....#.......
#.#...<.....####o####............
#.########.........##............
#.# #.........##.....##+#### #.#
#.......).##.....##.#### #.#
#.........##......#.#...
#.########.........##....#.#.#...
...................##....#.#.#...
.........................#.#.#...


You could see an orc wizard.

Vanquished Creatures
  A centaur skeleton (D:4)
  An orc priest (D:4)
  A worker ant (D:4)
  3 adders
  3 oozes
  2 worms (D:2)
  2 dart slugs
  2 leopard geckos
  10 orcs
  8 bats
  4 giant cockroaches
  4 goblins
  6 hobgoblins
  15 jackals
  2 frilled lizards
  5 kobolds
  8 rats
77 creatures vanquished.

Notes
Turn   | Place    | Note
-------+----------+-------------------------------------------
     0 | D:1      | NoNouf the Human Monk began the quest for the Orb.
     0 | D:1      | Reached XP level 1. HP: 18/18 MP: 1/1
    62 | D:1      | Reached XP level 2. HP: 23/24 MP: 2/2
   175 | D:1      | Reached skill level 3 in Stealth
   303 | D:1      | Reached XP level 3. HP: 28/29 MP: 3/3
  1018 | D:2      | Reached skill level 4 in Stealth
  1238 | D:2      | Reached XP level 4. HP: 10/35 MP: 4/4
  2672 | D:3      | Reached skill level 5 in Stealth
  2672 | D:3      | Reached XP level 5. HP: 29/41 MP: 5/5
  3486 | D:4      | Reached skill level 1 in Armour
  3720 | D:4      | Found a bloodstained altar of Trog.
  3999 | D:4      | Found an iron altar of Okawaru.
  4017 | D:4      | Reached XP level 6. HP: 24/47 MP: 6/6
  4276 | D:4      | Became a worshipper of Warmaster Okawaru
  4276 | D:4      | Reached * piety under Okawaru
  4276 | D:4      | Reached ** piety under Okawaru
  4445 | D:4      | HP: 1/47 [orc wizard/magic dart (8)]
  4446 | D:4      | Slain by an orc wizard

Skill      XL: |  1  2  3  4  5  6 |
---------------+-------------------+-----
Stealth        | 3 4 5 |  5.0
Armour         | 2 3 |  3.0
Fighting       | |  3.2
Long Blades    | |  3.0
Slings         | |  0.2
Dodging        | |  3.1

Action                   |  1- 3 |  4- 6 || total
-------------------------+-------+-------++-------
Melee: Falchion          |   106 |    85 ||   191
       Dagger            |       |   102 ||   102
       Long sword        |       |    14 ||    14
 Fire: Hunting sling     |    11 |    21 ||    32
Throw: Stone             |    10 |     8 ||    18
  Use: Potion            |     2 |     4 ||     6
       Scroll            |       |     9 ||     9
 Stab: Sleeping          |     5 |     7 ||    12
  Eat: Chunk             |     1 |     8 ||     9
       Royal jelly       |       |     1 ||     1
Armor: Robe              |    17 |    15 ||    32
       Plate armour      |       |    30 ||    30
       Leather armour    |       |     5 ||     5
Dodge: Dodged            |    93 |    87 ||   180
Block: Buckler           |       |    16 ||    16
       Rpst.: Falchion   |    34 |    18 ||    52
       Long sword        |       |     2 ||     2
